AoeStats
← PancakeDa

Migration

507584255Analyzed
1v1 RM · 12d ago on Sep 18, 2026· 43m 42s· 2 players
Game mode
Random Map
Map size
132×132
Population
200
Speed
Normal
Resources
Standard
Victory
Conquest
Starting age
Dark Age
Ending age
Imperial Age
RankedLock teamsTeams togetherTeam positionsShared explorationLock speedFull tech treeHidden civsTurbo modeCheats
Victory
Defeat
🇬🇧 Chinese · United Kingdom
513
+15
🇺🇸 Koreans · United States
491
-15
BlueArgon
5:34 Loom
12:08 Feudal Age
13:29 Wheelbarrow
12:46 Double-Bit Axe
15:49 Town Watch
16:26 Fishing Lines
21:18 Castle Age
21:05 Fletching
24:27 Bodkin Arrow
27:05 Gillnets
36:11 Imperial Age
40:35 Chemistry
39:57 Ballistics
39:54 Bracer
PancakeDa
0:34 Loom
11:10 Feudal Age
21:20 Castle Age
19:31 Double-Bit Axe
19:31 Horse Collar
19:41 Fishing Lines
20:18 Forging
20:53 Scale Mail Armor
21:57 Pikeman
28:46 Squires
31:24 Imperial Age
30:54 Iron Casting
30:35 Chain Mail Armor
30:55 Arson
32:10 Halberdier
33:34 Plate Mail Armor
34:05 Blast Furnace
33:29 Ballistics
38:58 Fletching
40:10 Bodkin Arrow
44:17 Chemistry
Connection lost

Rejoining the realm…

Still unreachable

The connection could not be restored.

Session expired

The server has moved on; the page needs a fresh start.